 Dungeon Crawl Stone Soup version 0.26-a0-651-gb41185065b (webtiles) character file.

Game seed: 13480166595514661951

232738 Flugslaktarn the Severer (level 17, -21/170 HPs)
             Began as a Deep Dwarf Fighter on Oct 6, 2020.
             Was the Champion of Makhleb.
             Killed by the air
             ... invoked by a ghostly spriggan air mage
              (24 damage)
             ... on level 1 of the Depths.
             The game lasted 00:16:19 (18568 turns).

Flugslaktarn the Severer (Deep Dwarf Fighter)      Turns: 18568, Time: 00:16:20

Health: -21/170    AC: 33    Str: 25    XL:     17   Next: 89%
Magic:  15/15      EV:  9    Int: 13    God:    Makhleb [******]
Gold:   645        SH: 20    Dex: 13    Spells: 16/16 levels left

rFire    + . .     SeeInvis +   a - +5 broad axe (elec)
rCold    + + +     Faith    .   s - +0 tower shield {rC+}
rNeg     + . .     Spirit   .   J - +4 plate armour {MR+}
rPois    .         Reflect  .   c - +2 helmet
rElec    .         Harm     .   k - +2 cloak {Stlth+}
rCorr    .         Rampage  .   G - +2 pair of gloves
MR       +++..                  l - +2 pair of boots
Stlth    ..........             y - amulet of the acrobat
HPRegen  0.00/turn              v - +4 ring of evasion
MPRegen  0.14/turn              F - ring of Kikubaaqudgha's Esteem {rF+ rC++ Int+5 SInv}

@: non-regenerating, hasted, drained, very quick
A: damage resistance, heal wounds, dopey 1, negative energy resistance 1, sense
surroundings 2, no regeneration
}: 3/15 runes: decaying, serpentine, abyssal
a: Heal Wounds, Minor Destruction, Lesser Servant of Makhleb, Major Destruction,
Greater Servant of Makhleb, Renounce Religion


You were on level 1 of the Depths.
You worshipped Makhleb.
Makhleb was exalted by your worship.
You visited 7 branches of the dungeon, and saw 30 of its levels.
You visited the Abyss 1 time.
You also visited: Bailey.

You collected 2959 gold pieces.
You spent 2314 gold pieces at shops.

Inventory:

Hand Weapons
 a - a +5 broad axe of electrocution (weapon)
   (You bought it in a shop on level 2 of the Orcish Mines)
 b - a +1 hand axe of distortion
   (You took it off an orc on level 2 of the Orcish Mines)
Missiles
 M - 9 throwing nets (quivered)
Armour
 c - a +2 helmet (worn)
   (You bought it in a shop on level 2 of the Orcish Mines)
 k - a +2 cloak of stealth (worn)
   (You took it off Crazy Yiuf on level 5 of the Dungeon)
 l - a +2 pair of boots (worn)
   (You bought it in a shop on level 4 of the Dungeon)
 s - a +0 tower shield of cold resistance (worn)
   (You bought it in a shop on level 4 of the Dungeon)
 G - a +2 pair of gloves (worn)
   (You found it on level 8 of the Dungeon)
 J - a +4 plate armour of magic resistance (worn)
   (You took it off an orc warlord on level 2 of the Orcish Mines)
Jewellery
 m - an uncursed ring of protection from magic
   (You found it on level 9 of the Dungeon)
 o - an uncursed ring of poison resistance
   (You found it on level 9 of the Dungeon)
 v - a +4 ring of evasion (left hand)
   (You found it on level 12 of the Dungeon)
 y - an amulet of the acrobat (around neck)
   (You found it on level 8 of the Dungeon)
 F - the ring of Kikubaaqudgha's Esteem (right hand) {rF+ rC++ Int+5 SInv}
   (You bought it in a shop on level 12 of the Dungeon)

   [ring of protection from fire]

   It affects your intelligence (+5).
   It protects you from fire.
   It greatly protects you from cold.
   It lets you see invisible.
Wands
 e - a wand of digging (11)
   (You found it on level 7 of the Dungeon)
 i - a wand of paralysis (22)
   (You found it on level 5 of the Dungeon)
 B - a wand of iceblast (6)
   (You found it on level 6 of the Dungeon)
Scrolls
 f - 7 scrolls of fear
 j - 2 scrolls of brand weapon
 r - 2 scrolls of identify
 t - 7 scrolls of teleportation
 x - 11 scrolls of remove curse
 z - 3 scrolls of blinking
 D - 2 scrolls of enchant armour
 P - 2 scrolls of immolation
Potions
 d - a potion of might
 g - a potion of lignification
 h - 2 potions of haste
 n - 2 potions of flight
 q - 4 potions of curing
 w - 5 potions of heal wounds
 A - a potion of magic
 E - a potion of cancellation
 L - a potion of mutation
 O - 3 potions of ambrosia
Miscellaneous
 C - a tin of tremorstones (1/3)
   (You found it on level 1 of the Depths)


   Skills:
 * Level 15.5(14.5) Fighting
 - Level 16.0(15.0) Axes
 + Level 13.3(12.4) Armour
 + Level 15.5(14.6) Shields
 + Level 14.7(13.8) Invocations
 - Level 10.0(9.1) Evocations


You had 16 spell levels left.
You didn't know any spells.
Your spell library was empty.

Dungeon Overview and Level Annotations

Branches:
Dungeon (15/15)            Temple (1/1) D:6            Lair (3/6) D:10
  Swamp (4/4) Lair:3        Snake (4/4) Lair:2          Orc (2/2) D:12
    Elf (0/3) Orc:2        Vaults (0/5) D:14         Depths (1/5) D:15
 Bailey (visited)

Altars:
Ashenzari
Cheibriados
Dithmenos
Elyvilon
Fedhas
Gozag
Kikubaaqudgha
Makhleb
Nemelex Xobeh
Okawaru
Ru
Sif Muna
Uskayaw
Wu Jian
Xom
Zin
The Shining One
Beogh

Shops:
D:4 *?[=   D:5 }   D:7 =   D:10 *   D:12 =   Orc:2 **([(   Snake:1 (:
Snake:2 (}[

Annotations:
D:6 3 runed translucent doors, Flugslaktarn's ghost, weakling DDFi
D:7 4 runed translucent doors
D:15 1 runed translucent door


Innate Abilities, Weirdness & Mutations

You are resistant to damage.
You can heal yourself by infusing magical energy.
You resist negative energy. (rN+)
You passively map the area around you.
You do not regenerate.
You are dopey. (Int -2)


Message History

You block the ghostly ogre mage's attack.
The deep elf death mage casts a spell at you.
The bolt of negative energy hits the large abomination.
The large abomination completely resists.
The bolt of negative energy hits the ancient lich.
The ancient lich completely resists.
The bolt of negative energy hits you!! You partially resist.
You feel drained.
The bolt of negative energy misses the ghostly spriggan air mage.
You slash the ancient lich!
The ancient lich is severely damaged.
Your plate armour prevents you from hitting the ghostly spriggan air mage.
The ancient lich is engulfed in blazing flames.
The ancient lich conjures an orb of pure magic.
The wavering orb of destruction weakly hits you!!!
* * * LOW HITPOINT WARNING * * *
The lost soul is engulfed in blazing flames.
The large abomination is engulfed in blazing flames.
The ghostly spriggan air mage waves its arms in wide circles.
The air twists around and strikes you!!
You die...

,, , * * ** * , *
, .. * , #.# * ,
* , .. * , .. #.*
#.###### ,**, * ,
, #.##. #...... ,
,,..... #..#i# *
* ** '
#...######.!#@# *
* ,
#.......*cOL.# ,
* * , ,
#....O.O*X##### *
* ,
,#.....§Xpe2....,
* * * ,
+.....pV.#p####
,*, ,,,, , ,,
+.......e#..# **
, #........##.#
#.. * * ,
#......))# .. #.#
* * #..#....[.#
#.##.#


You could see an ancient lich (fast), a vampire knight (fast, invisible), 2 deep
elf death magi, 2 ogre magi, a ghostly ogre mage, a ghostly spriggan air mage
(repels missiles), 2 large abominations, a yaktaur, 2 wizards and 2 lost souls.

Vanquished Creatures
  the Lernaean hydra (Swamp:4)
  Nikola (Snake:1)
  A lich (Depths:1)
  Asterion (Snake:4)
  A tentacled starspawn (Abyss:4)
  An Executioner (Abyss:4)
  A thorn hunter (Swamp:4)
  Gastronok (Lair:1)
  5 nagarajas (Snake:4)
  A fire giant (Depths:1)
  An orc warlord (Orc:2)
  A vampire knight (Depths:1)
  2 stone giants
  2 ettins (Depths:1)
  A fire dragon (Depths:1)
  Josephine (D:10)
  A great orb of eyes (Depths:1)
  Erolcha (D:12)
  2 rakshasas (Abyss:4)
  19 hydras
  2 spriggan air magi (Depths:1)
  8 vault guards (D:14)
  2 ghost crabs (Swamp:4)
  7 naga warriors
  A catoblepas (D:14)
  10 anacondas (Snake:4)
  A centaur warrior (D:15)
  5 two-headed ogres
  A tengu warrior (Depths:1)
  A deep troll shaman (Depths:1)
  6 alligators
  4 death yaks (Lair:2)
  3 ogre magi
  4 deep troll earth magi (Depths:1)
  4 naga sharpshooters
  5 shock serpents
  Nergalle (D:9)
  5 salamander mystics
  2 skeletal warriors (D:15)
  A spatial maelstrom (Abyss:4)
  4 sea snakes (Snake:1)
  3 wizards (Depths:1)
  A sixfirhy (Abyss:4)
  4 deep trolls (Depths:1)
  3 lindwurms (Snake:4)
  2 unseen horrors
  8 swamp dragons (Swamp:4)
  A flayed ghost (D:15)
  3 naga ritualists (Snake:4)
  3 orc knights
  An iron dragon zombie (D:15)
  2 deep elf magi
  A necromancer (D:15)
  8 mana vipers
  6 ugly things (D:15)
  A salamander (shapeshifter) (Depths:1)
  A fire giant zombie (D:15)
  3 cyclopes
  A salamander (Snake:3)
  A manticore (D:12)
  10 black mambas
  7 elephants (Lair:2)
  3 cane toads
  6 guardian serpents
  A gargoyle (D:11)
  17 naga magi
  A spriggan skeleton (D:15)
  A smoke demon (Abyss:4)
  4 kobold demonologists (D:15)
  A komodo dragon (Lair:2)
  An ancient zyme (Abyss:4)
  A queen bee (Lair:2)
  4 tengu conjurers
  3 trolls
  3 tyrant leeches
  A harpy skeleton (D:14)
  6 blink frogs (Lair:2)
  3 raiju (Abyss:4)
  A meliai zombie (D:13)
  3 slime creatures (Swamp:4)
  6 hippogriffs
  5 bog bodies
  A tarantella (shapeshifter) (Abyss:4)
  4 shadows
  2 vampires
  2 water elementals
  A large abomination (Abyss:4)
  6 wraiths
  2 chaos spawn (Abyss:4)
  A neqoxec (Abyss:4)
  5 wyverns
  7 yaks
  2 basilisks (Lair:2)
  A steam dragon (D:15)
  3 insubstantial wisps (Swamp:4)
  7 vampire mosquitoes
  14 nagas
  9 wargs
  9 swamp worms
  A human zombie (D:15)
  An acid dragon (D:11)
  2 water moccasins (Lair:2)
  5 porcupines (Lair:2)
  38 orc warriors
  4 sky beasts
  10 swamp drakes
  3 ice beasts
  A hornet zombie (D:13)
  4 black bears
  A necrophage (D:10)
  13 ogres
  8 boggarts (Depths:1)
  3 phantoms
  10 wolves (Lair:2)
  10 centaurs
  5 crocodiles
  4 big kobolds
  11 bullfrogs
  A wyvern zombie (D:11)
  9 gnoll sergeants
  3 wyvern skeletons
  A scorpion (D:7)
  36 killer bees
  11 electric eels
  24 wights
  A howler monkey (D:8)
  3 centaur zombies
  8 hounds
  3 jellies
  34 orc priests
  A bullfrog zombie (D:13)
  Crazy Yiuf (D:5)
  2 bullfrog skeletons
  8 centaur skeletons
  6 gnoll shamans (Bailey)
  32 orc wizards
  4 iguanas
  9 worker ants
  A hound zombie (D:6)
  A hound skeleton (D:4)
  3 worker ant zombies
  21 gnolls
  8 adders
  A shadow imp (D:5)
  2 white imps
  2 ufetubi
  2 worms
  6 leopard geckos
  136 orcs
  A bat (D:1)
  10 giant cockroaches
  3 goblins
  A hobgoblin (D:3)
  7 jackals
  14 kobolds
  5 quokkas
  2 frilled lizards
  3 rats (D:1)
  3 crawling corpses (Depths:1)
  3 starspawn tentacles (Abyss:4)
905 creatures vanquished.

Vanquished Creatures (collateral kills)
  2 yaks (Lair:2)
2 creatures vanquished.

Vanquished Creatures (others)
  A lindwurm (Snake:4)
  2 insubstantial wisps (Swamp:4)
  An orc wizard (D:4)
  4 orcs
  6 fungi
  5 plants
  8 withered plants (D:15)
27 creatures vanquished.

Grand Total: 934 creatures vanquished

Notes
Turn   | Place    | Note
-------+----------+-------------------------------------------
     0 | D:1      | Flugslaktarn the Deep Dwarf Fighter began the quest for the
                  | Orb.
     0 | D:1      | Reached XP level 1. HP: 20/20 MP: 1/1
   144 | D:1      | Found a shimmering altar of Xom.
   182 | D:2      | Reached XP level 2. HP: 27/27 MP: 2/2
   248 | D:3      | Reached XP level 3. HP: 21/34 MP: 3/3
   255 | D:4      | Found Coalyero's Jewellery Emporium.
   312 | D:4      | Reached skill level 3 in Axes
   321 | D:4      | Reached XP level 4. HP: 19/42 MP: 4/4
   428 | D:4      | Found Raetuf's Antique Armour Shoppe.
   453 | D:4      | Found Ebriocw's Assorted Antiques.
   573 | D:4      | Found Vurasm's Magic Scroll Emporium.
   695 | D:4      | Noticed an ogre
   705 | D:4      | Killed an ogre
   705 | D:4      | Reached skill level 4 in Axes
   705 | D:4      | Reached XP level 5. HP: 19/50 MP: 5/5
   934 | D:5      | Entered Level 5 of the Dungeon
  1004 | D:5      | Found Opla's Gadget Boutique.
  1028 | D:5      | Found a runed translucent door.
  1029 | D:5      | Noticed Crazy Yiuf
  1167 | D:5      | Found a glowing silver altar of Zin.
  1167 | D:5      | Found a white marble altar of Elyvilon.
  1168 | D:5      | Found a glowing golden altar of the Shining One.
  1258 | D:5      | Reached XP level 6. HP: 36/57 MP: 6/6
  1363 | D:5      | Found a glowing drain.
  1907 | D:5      | Killed Crazy Yiuf
  2229 | D:6      | Reached skill level 5 in Axes
  2286 | D:6      | Found a staircase to the Ecumenical Temple.
  2318 | Temple   | Entered the Ecumenical Temple
  2611 | Temple   | Became a worshipper of Makhleb the Destroyer
  2674 | D:6      | Found a runed translucent gate.
  2674 | D:6      | Found a runed translucent gate.
  2674 | D:6      | Found a runed translucent gate.
  2677 | D:6      | Noticed Flugslaktarn's ghost (weakling DDFi)
  2764 | D:6      | Reached XP level 7. HP: 57/66 MP: 7/7
  3209 | D:7      | Reached skill level 1 in Invocations
  3221 | D:7      | Found Bal Sou's Jewellery Shoppe.
  3233 | D:7      | Reached skill level 5 in Fighting
  3343 | D:4      | Bought a shiny tower shield for 180 gold pieces
  3478 | D:7      | Found a large runed translucent door.
  3478 | D:7      | Noticed a white ugly thing
  3479 | D:7      | Found a large runed translucent door.
  3484 | D:7      | Found a large runed translucent door.
  3484 | D:7      | Found a large runed translucent door.
  3581 | D:7      | Reached skill level 5 in Armour
  3581 | D:7      | Reached skill level 5 in Shields
  3611 | D:7      | Found an ornate altar of the Wu Jian Council.
  3612 | D:7      | Found a sparkling altar of Nemelex Xobeh.
  3615 | D:7      | Found a hide-covered altar of Uskayaw.
  3618 | D:7      | Found a broken altar of Ashenzari.
  3765 | D:7      | Reached skill level 6 in Axes
  3803 | D:7      | Reached XP level 8. HP: 30/75 MP: 9/9
  4326 | D:8      | Reached * piety under Makhleb
  4337 | D:8      | Reached skill level 7 in Axes
  4446 | D:8      | Noticed a hippogriff
  4455 | D:8      | Killed a hippogriff
  4455 | D:8      | Gained mutation: You passively map the area around you.
                  | [Deep Dwarf growth]
  4455 | D:8      | Reached XP level 9. HP: 75/85 MP: 10/10
  4938 | D:9      | Found an opulent altar of Gozag.
  5230 | D:9      | Found an ancient bone altar of Kikubaaqudgha.
  5293 | D:9      | Noticed a two-headed ogre
  5310 | D:9      | Killed a two-headed ogre
  5310 | D:9      | Reached ** piety under Makhleb
  5310 | D:9      | Reached skill level 8 in Axes
  5310 | D:9      | Reached skill level 5 in Invocations
  5339 | D:9      | Noticed a troll
  5354 | D:9      | Killed a troll
  5559 | D:10     | Entered Level 10 of the Dungeon
  5559 | D:10     | Found Fapetac's Assorted Antiques.
  5559 | D:10     | Found a sacrificial altar of Ru.
  5562 | D:10     | Bought a scroll labeled JAODAN VIAVVUY for 32 gold pieces
  5562 | D:10     | Bought a scroll labeled YFISAS RANAONK for 32 gold pieces
  5562 | D:10     | Bought a scroll labeled SIDECEA NIENY for 32 gold pieces
  5567 | D:10     | Identified a scroll of acquirement
  5567 | D:10     | Acquired 736 gold pieces
  5570 | D:10     | Noticed Nergalle
  5603 | D:10     | Noticed Josephine
  5608 | D:9      | Reached XP level 10. HP: 69/94 MP: 11/11
  5617 | D:9      | Killed Nergalle
  5627 | D:10     | Reached skill level 9 in Axes
  5637 | D:10     | Killed Josephine
  5702 | D:10     | Reached *** piety under Makhleb
  5902 | D:4      | Bought a pair of runed boots for 180 gold pieces
  6113 | D:10     | Found a roughly hewn altar of Beogh.
  6403 | D:10     | Found a staircase to the Lair.
  6579 | D:11     | Reached skill level 10 in Axes
  6581 | D:11     | Reached **** piety under Makhleb
  6588 | D:11     | Reached XP level 11. HP: 99/104 MP: 12/12
  6932 | D:11     | Reached ***** piety under Makhleb
  7067 | D:11     | Reached skill level 10 in Shields
  7467 | D:12     | Found a roughly hewn altar of Beogh.
  7469 | D:12     | Found a staircase to the Orcish Mines.
  7478 | D:12     | Noticed Erolcha
  7524 | D:12     | Killed Erolcha
  7545 | D:12     | Found Cioff's Jewellery Shop.
  7675 | D:12     | Noticed a two-headed ogre
  7690 | D:12     | Killed a two-headed ogre
  7703 | D:12     | Reached skill level 11 in Axes
  8600 | D:13     | Reached XP level 12. HP: 94/116 MP: 11/11
  8713 | D:13     | Found a flagged portal.
  8723 | Bailey   | Entered a bailey
  8858 | Bailey   | Reached ****** piety under Makhleb
  8972 | Bailey   | Reached skill level 10 in Fighting
  9153 | D:13     | Noticed a two-headed ogre
  9159 | D:13     | Killed a two-headed ogre
  9361 | D:14     | Noticed a catoblepas
  9388 | D:14     | Killed a catoblepas
  9502 | D:14     | Found a gate to the Vaults.
  9502 | D:14     | Noticed a vault guard
  9502 | D:14     | Noticed a vault guard
  9502 | D:14     | Noticed a vault guard
  9502 | D:14     | Noticed a vault guard
  9502 | D:14     | Noticed a vault guard
  9502 | D:14     | Noticed a vault guard
  9503 | D:14     | Noticed a vault guard
  9503 | D:14     | Noticed a vault guard
  9513 | D:14     | Killed a vault guard
  9530 | D:14     | Killed a vault guard
  9541 | D:14     | Killed a vault guard
  9541 | D:14     | Reached skill level 12 in Axes
  9552 | D:14     | Killed a vault guard
  9560 | D:14     | Killed a vault guard
  9572 | D:14     | Killed a vault guard
  9592 | D:14     | Killed a vault guard
  9599 | D:14     | Killed a vault guard
  9726 | D:14     | You fall into a shaft and drop 1 floor!
  9726 | D:15     | Entered Level 15 of the Dungeon
  9726 | D:15     | Found a staircase to the Depths.
  9797 | D:15     | Reached XP level 13. HP: 126/126 MP: 13/13
  9916 | D:15     | Reached skill level 10 in Invocations
 10104 | D:15     | Reached skill level 13 in Axes
 10573 | D:15     | Reached skill level 10 in Armour
 10639 | D:15     | Found a runed translucent door.
 10642 | D:15     | Noticed a fire giant
 10642 | D:15     | Noticed a frost giant
 11050 | D:14     | Reached skill level 14 in Axes
 11050 | D:14     | Gained mutation: You resist negative energy. (rN+) [Deep
                  | Dwarf growth]
 11050 | D:14     | Reached XP level 14. HP: 135/135 MP: 14/14
 11525 | Orc:1    | Entered Level 1 of the Orcish Mines
 11607 | Orc:2    | Entered Level 2 of the Orcish Mines
 11611 | Orc:2    | Found Qaxus's Assorted Antiques.
 11686 | Orc:2    | Reached skill level 1 in Evocations
 11711 | Orc:2    | Found a staircase to the Elven Halls.
 11750 | Orc:2    | Found a roughly hewn altar of Beogh.
 11794 | Orc:2    | Noticed an orc warlord
 11862 | Orc:2    | Killed an orc warlord
 12062 | Orc:2    | Noticed a stone giant
 12072 | Orc:2    | Killed a stone giant
 12119 | Orc:2    | Found a roughly hewn altar of Beogh.
 12257 | Orc:2    | Found a roughly hewn altar of Beogh.
 12265 | Orc:2    | Found Ziotz's Antique Weapon Boutique.
 12322 | Orc:2    | Found Genaipt's Antique Weapon Shop.
 12323 | Orc:2    | Found a roughly hewn altar of Beogh.
 12324 | Orc:2    | Found Vycesein's Antique Armour Boutique.
 12360 | Orc:2    | Found a roughly hewn altar of Beogh.
 12361 | Orc:2    | Found Dokenga's General Store.
 12377 | Orc:2    | Reached XP level 15. HP: 144/144 MP: 16/16
 12389 | Orc:2    | Bought a +2 broad axe of electrocution for 264 gold pieces
 12435 | Orc:2    | Found a roughly hewn altar of Beogh.
 12492 | Orc:2    | Found a roughly hewn altar of Beogh.
 12714 | Lair:1   | Entered Level 1 of the Lair of Beasts
 12722 | Lair:1   | Noticed Gastronok
 12740 | Lair:1   | Killed Gastronok
 12784 | Lair:1   | Reached skill level 15 in Axes
 12929 | Orc:2    | Bought a runed helmet for 180 gold pieces
 13572 | Lair:2   | Found a staircase to the Snake Pit.
 14128 | Lair:3   | Found a staircase to the Swamp.
 14208 | Snake:1  | Entered Level 1 of the Snake Pit
 14233 | Snake:1  | Noticed Nikola
 14260 | Snake:1  | HP: 4/146 [Nikola/chain lightning (16)]
 14283 | Snake:1  | Killed Nikola
 14514 | Snake:1  | Found Elisu's Antique Weapon Shop.
 14566 | Snake:1  | Reached skill level 5 in Evocations
 14577 | Snake:1  | Found Peovam's Book Boutique.
 14752 | Snake:2  | Found Qyzxuxe's Weapon Boutique.
 14754 | Snake:2  | Found Nemn's Gadget Shop.
 14756 | Snake:2  | Found Kaedye's Armour Boutique.
 14821 | Snake:4  | Entered Level 4 of the Snake Pit
 14886 | Snake:4  | Noticed Asterion
 14913 | Snake:4  | Killed Asterion
 14954 | Snake:4  | Noticed a nagaraja
 14976 | Snake:4  | Killed a nagaraja
 14978 | Snake:4  | Reached skill level 16 in Axes
 15012 | Snake:4  | Noticed a nagaraja
 15014 | Snake:4  | Reached XP level 16. HP: 150/156 MP: 17/17
 15329 | Snake:4  | Got a serpentine rune of Zot
 15699 | Swamp:1  | Entered Level 1 of the Swamp
 15935 | Swamp:4  | Entered Level 4 of the Swamp
 15954 | Swamp:4  | Noticed a thorn hunter
 15967 | Swamp:4  | Killed a thorn hunter
 16421 | Swamp:4  | Reached XP level 17. HP: 162/168 MP: 19/19
 16788 | Swamp:4  | Noticed the 27-headed Lernaean hydra
 16803 | Swamp:4  | Killed the 26-headed Lernaean hydra
 16803 | Swamp:4  | Reached skill level 15 in Shields
 17032 | Swamp:4  | Reached skill level 10 in Evocations
 17052 | Swamp:4  | Got a decaying rune of Zot
 17361 | D:12     | Bought the ring of Kikubaaqudgha's Esteem {rF+ rC++ Int+5
                  | SInv} for 834 gold pieces
 17499 | D:4      | Bought a scroll of blinking for 97 gold pieces
 17499 | D:4      | Bought a scroll of blinking for 97 gold pieces
 17499 | D:4      | Bought a scroll of enchant weapon for 97 gold pieces
 17499 | D:4      | Bought a scroll of enchant weapon for 97 gold pieces
 17679 | Orc:2    | Cast into level 4 of the Abyss (unwielding a weapon of
                  | distortion)
 17682 | Abyss:4  | Found a corrupted altar of Lugonu.
 17682 | Abyss:4  | Gained mutation: You are dopey. (Int -2) [a neqoxec]
 17692 | Abyss:4  | Got an abyssal rune of Zot
 17926 | Abyss:4  | Reached skill level 15 in Fighting
 17929 | Orc:2    | Escaped the Abyss
 18135 | D:4      | Bought a glowing scarf for 192 gold pieces
 18384 | Depths:1 | Entered Level 1 of the Depths
 18421 | Depths:1 | Noticed a lich
 18438 | Depths:1 | Killed a lich
 18496 | Depths:1 | Noticed an ancient lich
 18568 | Depths:1 | HP: 3/170 [disintegration (58)]
 18568 | Depths:1 | Killed from afar by a ghostly spriggan air mage

Illustrated notes

Levels and vault maps discovered:
D:1:      dpeg_arrival_stone_temple_mockup, layout_basic, xom_teletrap_fun
D:2:      layout_loops_ring, chequers_temple_overflow_statue_of_worship,
          tgw_trog
D:3:      layout_basic
D:4:      layout_basic, serial_shops, shop,
          nicolae_shop_temple_entry_statues_fountains, nicolae_shop_statue_plus,
          nicolae_shop_crystal, hangedman_decor_points
D:5:      layout_cave_pods, good_gods_temple_1, serial_shops, shop,
          gup_sewer_entry_pipe, water_boxes_lemuel, uniq_crazy_yiuf_cottage
D:6:      layout_basic, minmay_temple_entry_stoned_glass,
          gammafunk_ghost_necromancy
D:7:      layout_basic, grunt_temple_overflow_open, serial_shops,
          shop_fountains, minmay_hollow_rounded_squares
D:8:      layout_rooms
D:9:      layout_loops_ring, lemuel_crystal_altar, basic_altar,
          minmay_misc_feat_cross
D:10:     layout_loops_ring, erik_lair_orcish_takeover, serial_shops, shop,
          basic_altar, special_room [special_room_orc], uniq_nergalle,
          uniq_josephine
D:11:     layout_basic, nrook_guardian_serpent_double
D:12:     layout_cave_pools, david_orc_5, serial_co_window_serial,
          co_window_corner_a, co_window_of_opportunity_a,
          co_window_of_opportunity_a, co_window_paths_a, co_window_corner_a,
          co_window_cross_1, co_window_paths_b, co_window_broadway_c,
          co_window_2corner, co_window_unsneaky_path_d, co_window_2corner,
          co_window_sun, co_window_4corner_a, glass_columns_b, glass_columns_a,
          glass_columns_a, glass_columns_a, serial_shops, shop_fountains,
          uniq_erolcha
D:13:     layout_roguey, enter_bailey_6
D:14:     layout_loops_ring, erik_vaults_2, minmay_misc_feat_alley
D:15:     gammafunk_depths_entry_grave, layout_basic, kennysheep_pointless_box,
          minmay_st_funbox, lightli_minifort
Temple:   compressed_dpeg_triangle_lava_temple
Lair:1:   layout_long_grid, uniq_gastronok
Lair:2:   regret_index_tunnel_blossom, layout_cellular_growth,
          beast_lair_carwin_6
Lair:3:   layout_loops_ring, nicolae_swamp_entry_splash_gauntlet
Swamp:1:  layout_falls_marsh, evilmike_swamp_ruin_house_4
Swamp:2:  layout_falls_marsh, ebering_ghost_xom, serial_swamp_ruin,
          evilmike_swamp_ruin_house_3, evilmike_swamp_ruin_rubble_1,
          nicolae_swamp_stair_fork
Swamp:3:  layout_falls_marsh, evilmike_swamp_ruin_house_5, swamp_pool1
Swamp:4:  swamp_old_school, layout_basic_swamp, statue_in_the_mist_lemuel,
          nicolae_swamp_baby_hydras
Snake:1:  layout_basic, serial_shops, nicolae_shop_competitors_out_of_business,
          nicolae_shop_statue_plus, shop, nicolae_shop_statue_plus,
          nicolae_shop_behind_doors, uniq_rupert, uniq_roxanne, uniq_agnes,
          uniq_nikola
Snake:2:  layout_basic, basic_altar, lemuel_fruit_tree, minmay_shop_star
Snake:3:  layout_cave_pods, serial_shops, shop, grunt_ministairs_3,
          grunt_megastairs_1, uniq_aizul, uniq_vashnia
Snake:4:  snake_pit_salamanders_mu, layout_cave_town, uniq_donald, uniq_asterion
Orc:1:    layout_caves, basic_altar
Orc:2:    grunt_orc_community_town_hall, layout_diamond_mine,
          grunt_orc_community_big_house_2, grunt_orc_community_big_house_1,
          grunt_orc_community_house_2, grunt_orc_community_house_2,
          grunt_orc_community_house_3, grunt_orc_community_house_1,
          serial_shops, shop_fountains
Depths:1: layout_basic, grunt_hell_entry_dis_grunt, hangedman_abyss_entry_splay,
          special_room [special_room_magic_class], minmay_misc_feat_doors,
          rand_demon_pan_entry_5, minmay_alternating_orb, uniq_saint_roka

Skill      XL: |  1  2  3  4  5  6  7  8  9 10 11 12 13 14 15 16 17 |
---------------+----------------------------------------------------+-----
Fighting       | 3 4 5 6 7 8 9 10 11 13 14 15 | 15.5
Axes           | 3 4 5 6 7 8 10 11 12 14 16 | 16.0
Armour         | 4 5 6 7 8 9 10 11 12 13 | 13.3
Shields        | 4 5 6 7 9 10 12 13 14 15 | 15.5
Invocations    | 2 4 5 7 8 9 10 12 13 14 | 14.7
Evocations     | 2 6 9 10 | 10.0

Action                   |  1- 3 |  4- 6 |  7- 9 | 10-12 | 13-15 | 16-18 || total
-------------------------+-------+-------+-------+-------+-------+-------++-------
Melee: War axe           |    75 |   188 |   413 |   783 |   633 |       ||  2092
       Broad axe         |       |       |       |       |   522 |   812 ||  1334
 Abil: Heal Wounds       |     2 |     7 |    13 |     8 |    24 |    17 ||    71
Evoke: Wand              |       |       |       |       |     6 |     4 ||    10
       Tin of tremorston |       |       |       |       |       |     3 ||     3
  Use: Potion            |     1 |       |     1 |       |     2 |     2 ||     6
       Scroll            |       |       |    13 |     2 |    16 |     8 ||    39
 Stab: Confused          |       |       |       |     1 |       |       ||     1
       Petrified         |       |       |       |     4 |       |       ||     4
       Distracted        |       |       |       |       |       |     1 ||     1
       Paralysed         |       |       |       |       |       |     1 ||     1
Armor: Scale mail        |    37 |    66 |       |       |       |       ||   103
       Chain mail        |       |    30 |    89 |       |       |       ||   119
       Plate armour      |       |       |   187 |   460 |   413 |  1152 ||  2212
Dodge: Dodged            |    32 |    44 |    57 |   130 |   194 |   548 ||  1005
Block: Kite shield       |    46 |    79 |    22 |       |       |       ||   147
       Tower shield      |       |       |   369 |   745 |   934 |  1341 ||  3389

Table legend: (Time is in decaauts)
 A = Elapsed time spent in this place.
 B = Non-inter-level travel time spent in this place.
 C = Inter-level travel time spent in this place.
 D = Time resting spent in this place.
 E = Time spent auto-exploring this place.
 F = Levels seen in this place.
 G = Mean time per level.
                   A        B        C        D        E       F      G
               +--------+--------+--------+--------+--------+-----+--------+
         Total |  18851 |  15896 |   2955 |    329 |   9920 |  32 |  589.1 |
       Dungeon |  12140 |  10266 |   1874 |     18 |   6992 |  15 |  809.3 |
        Temple |    303 |    274 |     29 |      0 |    272 |   1 |  303.0 |
          Lair |   1429 |   1134 |    295 |      0 |    766 |   3 |  476.3 |
         Swamp |   1585 |   1362 |    223 |    111 |    820 |   4 |  396.2 |
     Snake Pit |   1376 |   1113 |    263 |    200 |    201 |   4 |  344.0 |
  Orcish Mines |   1288 |   1019 |    269 |      0 |    612 |   2 |  644.0 |
        Depths |    152 |    152 |      0 |      0 |      4 |   1 |  152.0 |
         Abyss |    236 |    236 |      0 |      0 |    109 |   1 |  236.0 |
        Bailey |    337 |    337 |      0 |      0 |    143 |   1 |  337.0 |
               +--------+--------+--------+--------+--------+-----+--------+

Top non-repeatable levels by time:
     D:5: 1359 daAuts
    D:15: 1288 daAuts
 Swamp:4: 1283 daAuts
    D:11: 1194 daAuts
    D:12: 1189 daAuts
   Orc:2: 1178 daAuts
     D:7: 1063 daAuts
     D:6: 1007 daAuts
     D:4: 992 daAuts
  Lair:2: 956 daAuts
    D:10: 945 daAuts
     D:9: 824 daAuts
    D:14: 817 daAuts
     D:8: 625 daAuts
 Snake:1: 597 daAuts
